 Dungeon Crawl Stone Soup version 0.20.0-15-g7f486f2 (webtiles) character file.

189 greprep the Sneak (level 5, 0/31 HPs)
             Began as an Octopode Enchanter on June 27, 2017.
             Slain by a centaur skeleton (2 damage)
             ... on level 5 of the Dungeon.
             The game lasted 00:04:46 (2671 turns).

greprep the Sneak (Octopode Enchanter)              Turns: 2671, Time: 00:04:47

Health: 0/31       AC:  1    Str:  8    XL:     5   Next: 68%
Magic:  8/8        EV: 13    Int: 17    God:
Gold:   142        SH:  0    Dex: 13    Spells: 5/8 levels left

rFire    . . .     SeeInvis .   e - +1 dagger (freeze)
rCold    . . .     Gourm    .   (no shield)
rNeg     . . .     Faith    .   (helmet restricted)
rPois    .         Spirit   .   (no amulet)
rElec    .         Reflect  .   (no ring)
rCorr    .         Harm     .   (no ring)
MR       .....                  (no ring)
Stlth    +++++.....             (no ring)
Regen    0.1/turn               (no ring)
MPRegen  0.2/turn               (no ring)
                                (no ring)
                                (no ring)

@: no status effects
A: almost no armour, stealthy swim, amphibious, 8 rings, constrict 8, camouflage
1, gelatinous body 1
a: no special abilities


You were on level 5 of the Dungeon.
You were hungry.

You visited 1 branch of the dungeon, and saw 4 of its levels.

You collected 142 gold pieces.

Inventory:

Hand Weapons
 e - a +1 dagger of freezing (weapon)
Armour
 j - a +0 shield
Wands
 i - a wand of clouds (4/9)
Scrolls
 d - 2 scrolls of fear {unknown}
 h - a scroll of enchant weapon
 k - 2 scrolls of teleportation {unknown}
 l - 2 scrolls of blinking {unknown}
 m - a scroll of amnesia {unknown}
 o - a scroll of recharging {unknown}
Potions
 a - a potion of mutation
 n - a potion of haste {unknown}
 p - a potion of curing {unknown}
Books
 b - a book of Maledictions

   Spells                             Type                      Level
   a - Corona                         Hexes                        1
   b - Ensorcelled Hibernation        Hexes/Ice                    2
   c - Confuse                        Hexes                        3
   d - Tukima's Dance                 Hexes                        3
   e - Dazzling Spray                 Conjuration/Hexes            3
Comestibles
 c - 3 bread rations
 f - 2 meat rations
 g - 2 royal jellies


   Skills:
 - Level 0.2 Fighting
 - Level 1.0 Short Blades
 - Level 2.0 Dodging
 + Level 7.7 Stealth
 * Level 2.4 Shields
 - Level 2.0 Spellcasting
 - Level 3.0 Hexes


You had 5 spell levels left.
You knew the following spells:

 Your Spells              Type           Power        Failure   Level  Hunger
a - Corona                Hex            ##.....      5%          1    #......
b - Ensorcelled Hibernat  Hex/Ice        #.....       16%         2    ###....


Dungeon Overview and Level Annotations

Branches:
Dungeon (3/15)

Altars:


Innate Abilities, Weirdness & Mutations

You cannot wear most types of armour.
You are very stealthy in the water. (Stealth+)
You are amphibious.
You can wear up to eight rings at the same time.
You can use your tentacles to constrict eight enemies at once.
Your skin changes colour to match your surroundings (Stealth+).
Your rubbery body absorbs attacks. (AC +1, EV +1)


Message History

Found a fuming amethyst potion.
The centaur skeleton hits you. The centaur skeleton barely misses you.
The centaur skeleton closely misses you.
The centaur skeleton hits you.
* * * LOW HITPOINT WARNING * * *
The centaur skeleton misses you. The centaur skeleton hits you.
* * * LOW HITPOINT WARNING * * *
The crimson imp blinks!
The centaur skeleton hits you.
* * * LOW HITPOINT WARNING * * *
The centaur skeleton hits you!
* * * LOW HITPOINT WARNING * * *
Casting: Ensorcelled Hibernation
Confirm with . or Enter, or press ? or * to list all spells.
Okay, then.
The centaur skeleton completely misses you.
The centaur skeleton hits you.
You die...

### ..# #.#
##.## #.#
.... #.# ...
#≈≈ #@#
..###≈≈
#≈..####Z#
..≈≈≈≈
≈≈#.......#
.##≈≈
≈≈≈##..###.#
.#≈≈#≈≈≈#≈≈
#Y# .#≈≈≈≈≈
≈≈ #.# .#≈≈#
≈#Y# #.# ..#
≈≈≈ #5#
..###≈≈# #
#.#


You could see an ice beast, a crimson imp and a centaur skeleton.

Vanquished Creatures
  A centaur (D:2)
  7 adders
  An ooze (D:1)
  2 worms (D:2)
  A dart slug (D:2)
  2 leopard geckos
  An orc (D:5)
  A ball python (D:3)
  A giant cockroach (D:2)
  3 hobgoblins
  3 jackals (D:2)
  A quokka (D:3)
  5 bats
  2 frilled lizards
  A goblin (D:1)
  4 kobolds
  4 rats
40 creatures vanquished.

Notes
Turn   | Place    | Note
-------+----------+-------------------------------------------
     0 | D:1      | greprep the Octopode Enchanter began the quest for the Orb.
     0 | D:1      | Reached XP level 1. HP: 11/11 MP: 3/3
   246 | D:1      | Reached XP level 2. HP: 17/17 MP: 5/5
   304 | D:1      | Reached skill level 5 in Stealth
   583 | D:2      | Reached XP level 3. HP: 7/21 MP: 6/6
   860 | D:2      | Learned a level 2 spell: Ensorcelled Hibernation
   880 | D:2      | Reached skill level 1 in Shields
   927 | D:2      | Reached skill level 6 in Stealth
  1086 | D:2      | Reached XP level 4. HP: 27/27 MP: 7/7
  1412 | D:2      | Noticed a centaur
  1575 | D:2      | Killed a centaur
  1575 | D:2      | Reached skill level 7 in Stealth
  1575 | D:2      | Reached XP level 5. HP: 10/31 MP: 5/8
  2587 | D:3      | You fall through a shaft for 2 floors!
  2587 | D:5      | Entered Level 5 of the Dungeon
  2623 | D:5      | Noticed an ice beast
  2663 | D:5      | HP: 1/31 [centaur skeleton (7)]
  2671 | D:5      | Slain by a centaur skeleton

Skill      XL: |  1  2  3  4 |
---------------+-------------+-----
Stealth        | 5 6 7 |  7.7
Shields        | 1 2 |  2.4
Fighting       | |  0.2
Short Blades   | |  1.0
Dodging        | |  2.0
Spellcasting   | |  2.0
Hexes          | |  3.0

Action                   |  1- 3 |  4- 6 || total
-------------------------+-------+-------++-------
Melee: Dagger            |    43 |    43 ||    86
       Tentacles         |     5 |       ||     5
       Constrict         |     5 |     4 ||     9
 Cast: Ensorcelled Hiber |       |     4 ||     4
  Use: Scroll            |     2 |       ||     2
 Stab: Sleeping          |     9 |    11 ||    20
  Eat: Chunk             |       |     5 ||     5
Armor: Skin              |       |     3 ||     3
Dodge: Dodged            |    20 |    34 ||    54
Block: Shield            |     1 |       ||     1
